 Dungeon Crawl Stone Soup version 0.22-a0-608-g8a62e23 (webtiles) character file.

43 Hebeh the Firebug (level 3, -1/19 HPs)
             Began as a Deep Elf Fire Elementalist on July 9, 2018.
             Slain by a gnoll
             ... wielding a +0 spear
              (4 damage)
             ... on level 2 of the Dungeon.
             The game lasted 00:05:55 (1284 turns).

Hebeh the Firebug (Deep Elf Fire Elementalist)      Turns: 1284, Time: 00:05:56

Health: -1/19      AC:  2    Str:  6    XL:     3   Next: 37%
Magic:  1/19       EV: 13    Int: 19    God:
Gold:   61         SH:  0    Dex: 15    Spells: 6/9 levels left

rFire    . . .     SeeInvis .   i - +0 spear
rCold    . . .     Gourm    .   (no shield)
rNeg     . . .     Faith    .   a - +0 robe
rPois    .         Spirit   .   (no helmet)
rElec    .         Reflect  .   (no cloak)
rCorr    .         Harm     .   (no gloves)
MR       .....                  (no boots)
Stlth    ++........             (no amulet)
HPRegen  0.06/turn              k - ring of magical power
MPRegen  0.16/turn              (no ring)

@: very slightly contaminated
A: no striking features
a: no special abilities


You were on level 2 of the Dungeon.
You were very hungry.

You visited 1 branch of the dungeon, and saw 2 of its levels.

You collected 61 gold pieces.

Inventory:

Hand Weapons
 d - a +0 dagger
 i - a +0 spear (weapon)
Missiles
 b - 48 stones (quivered)
 e - 17 sling bullets
Armour
 a - a +0 robe (worn)
Jewellery
 k - a ring of magical power (left hand)
Scrolls
 g - 2 scrolls of remove curse {unknown}
 h - a scroll of random uselessness {unknown}
Potions
 f - 2 potions of agility {unknown}
 j - a potion of lignification {unknown}
Comestibles
 c - 2 rations


   Skills:
 - Level 2.4 Dodging
 - Level 2.4 Stealth
 + Level 3.5 Spellcasting
 * Level 2.4 Conjurations
 * Level 4.0 Fire Magic


You had 6 spell levels left.
You knew the following spells:

 Your Spells              Type           Power        Failure   Level  Hunger
a - Flame Tongue          Conj/Fire      ###..        3%          1    None
b - Throw Flame           Conj/Fire      ###...       6%          2    ##.....

Your spell library contained the following spells:

 Spells                   Type           Power        Failure   Level  Hunger
 Fireball                 Conj/Fire      ###.......   71%         5    ######.
 Conjure Flame            Conj/Fire      ###.....     12%         3    ###....
 Sticky Flame             Conj/Fire      ###.....     36%         4    ####...
 Inner Flame              Hex/Fire       ##......     19%         3    ###....


Dungeon Overview and Level Annotations

Branches:
Dungeon (2/15)

Altars:
Qazlal


Message History

The gnoll is almost dead.
The gnoll hits you from afar with a spear.
* * * LOW HITPOINT WARNING * * *
Casting: Flame Tongue (safe; 3% risk of failure)
Confirm with . or Enter, or press ? or * to list all spells.
Aiming: Flame Tongue (safe; 3% risk of failure)
Press: ? - help, Shift-Dir - straight line, f/p - gnoll
Aim: a gnoll, wielding a spear (almost dead)
The flame tongue hits the rat.
You kill the rat!
The gnoll closely misses you.
Casting: Flame Tongue (safe; 3% risk of failure)
Confirm with . or Enter, or press ? or * to list all spells.
Aiming: Flame Tongue (safe; 3% risk of failure)
Press: ? - help, Shift-Dir - straight line, f/p - gnoll
Aim: a gnoll, wielding a spear (almost dead)
The flame tongue hits the gnoll.
The gnoll is almost dead.
The gnoll hits you from afar with a spear.
You die...

....####.###..^^....≈..^^##
...........#......._.......
.#....##.#.#..≈≈≈≈^.^..≈≈#
.#....##.#.#........^..# .
.#....##.#.#..≈.##..^#.# ...
##....##.#.#...^##..≈.#..##.
#.(..##.#.#....^.≈..≈≈^.....
#....##.#.#†..#.##.####.###.
#.........#...#@##... #
#.#...#?###.#.# #...)g. .# #
#.....#. .# ......^.. .#....
#. +?..... .. #..#...# #.
#.....


You could see a gnoll.

Vanquished Creatures
  2 gnolls (D:2)
  An ooze (D:1)
  A dart slug (D:1)
  2 giant cockroaches
  A goblin (D:1)
  A hobgoblin (D:1)
  A quokka (D:2)
  5 bats (D:1)
  2 kobolds (D:1)
  4 rats
20 creatures vanquished.

Notes
Turn   | Place    | Note
-------+----------+-------------------------------------------
     0 | D:1      | Hebeh the Deep Elf Fire Elementalist began the quest for the Orb.
     0 | D:1      | Reached XP level 1. HP: 10/10 MP: 6/6
   367 | D:1      | Reached XP level 2. HP: 15/15 MP: 4/8
   959 | D:1      | Learned a level 2 spell: Throw Flame
  1051 | D:2      | Reached XP level 3. HP: 12/19 MP: 9/9
  1250 | D:2      | Found a stormy altar of Qazlal.
  1280 | D:2      | Reached skill level 4 in Fire Magic
  1284 | D:2      | Slain by a gnoll

Vault maps used:
D:1:      dpeg_arrival_round_c
D:2:      grunt_qazlal_sundering, first_ration,
          chequers_ecumenical_altar_simple, minmay_hedge_maze,
          kennysheep_okawaru_gauntlet

Skill      XL: |  1  2  3 |
---------------+----------+-----
Conjurations   | 2 |  2.4
Fire Magic     | 4 |  4.0
Dodging        | |  2.4
Stealth        | |  2.4
Spellcasting   | |  3.5

Action                   || total
-------------------------++-------
 Cast: Flame Tongue      ||    38
       Throw Flame       ||     6
Armor: Robe              ||     3
Dodge: Dodged            ||    11

Table legend:
 A = Spawn XP
 B = Non-spawn XP
 C = Spawn XP percentage of total XP
 D = Spawn monster count
 E = Non-spawn monster count
 F = Spawn count percentage of total count
 G = Total turns spent on level
                    A         B        C        D         E        F      G
               +---------+---------+-------+---------+---------+-------+---------
         Total |       0 |      62 |   0.0 |       0 |      20 |   0.0 |  1284
               +---------+---------+-------+---------+---------+-------+---------
           D:1 |       0 |      28 |   0.0 |       0 |      15 |   0.0 |  1195
           D:2 |       0 |      34 |   0.0 |       0 |       5 |   0.0 |    89
               +---------+---------+-------+---------+---------+-------+---------
